 Dungeon Crawl Stone Soup version 0.28.0-1-gb440e238dd (webtiles) character file.

Game seed: 15890621730209277177

83 freelancePsychic the Grave Robber (level 4, -7/30 HPs)
             Began as a Formicid Necromancer on Feb 20, 2022.
             Mangled by a river rat (8 damage)
             ... summoned by Eustachio
             ... on level 4 of the Dungeon.
             The game lasted 00:08:17 (4057 turns).

freelancePsychic the Grave Robber (FoNe)            Turns: 4057, Time: 00:08:17

Health: -7/30      AC:  3    Str: 13    XL:     4   Next: 71%
Magic:  2/8        EV: 12    Int: 16    God:
Gold:   61         SH:  0    Dex: 11    Spells: 2/9 levels left

rFire   + . .      SeeInvis +   a - +1 dagger (freeze)
rCold   + . .      Faith    .   (no shield)
rNeg    + . .      Spirit   .   e - +0 robe
rPois   +          Reflect  .   (helmet unavailable)
rElec   +          Harm     .   (no cloak)
rCorr   +          Rampage  .   l - +0 pair of gloves
Will    .....                   (no boots)
Stlth   ++........              (no amulet)
HPRegen 0.10/turn               d - ring of positive energy
MPRegen 0.11/turn               (no ring)

@: brilliant, resistant, flying (expiring)
A: permanent stasis, dig shafts and tunnels, antennae 3, four strong arms
a: Dig, Shaft Self


You were on level 4 of the Dungeon.
You visited 1 branch of the dungeon, and saw 4 of its levels.

You collected 105 gold pieces.
You spent 44 gold pieces at shops.

Inventory:

Hand Weapons
 a - a +1 dagger of freezing (weapon)
Missiles
 c - 10 poisoned darts
Armour
 e - a +0 robe (worn)
 l - a +0 pair of gloves (worn)
 n - a +0 leather armour
Jewellery
 d - a ring of positive energy (left hand)
Scrolls
 g - a scroll of silence
 h - a scroll of amnesia
 j - a scroll of fog


   Skills:
 - Level 1.7 Dodging
 - Level 2.4 Stealth
 - Level 3.0 Spellcasting
 - Level 4.5 Necromancy
 * Level 2.5 Ice Magic


You had 2 spell levels left.
You knew the following spells:

 Your Spells              Type           Power      Damage    Failure   Level
a - Pain                  Necr           100%       1d9       3%          1
b - Vampiric Draining     Necr           25%        2d7       9%          3
c - Frozen Ramparts       Ice            30%        1d5       21%         3

Your spell library contained the following spells:

 Spells                   Type           Power      Damage    Failure   Level
 Animate Skeleton         Necr           50%        N/A       3%          1
 Freeze                   Ice            60%        1d8       7%          1
 Apportation              Tloc           6%         N/A       19%         1
 Animate Dead             Necr           12%        N/A       28%         4
 Agony                    Necr           25%        N/A       63%         5
 Hailstorm                Conj/Ice       9%         3d4       73%         4
 Alistair's Intoxication  Tmut/Pois      2%         N/A       99%         5


Dungeon Overview and Level Annotations

Branches:
Dungeon (4/15)
 Temple: D:4-7

Altars:

Shops:
D:3 ?

Annotations:
D:4 exclusions: scorpion and steam dragon, Blork the orc, Eustachio


Innate Abilities, Weirdness & Mutations

You cannot be hasted, slowed, berserked, paralysed or teleported.
You can dig through walls and to a lower floor.
You have a pair of large antennae on your head. (SInv)
Your four strong arms can wield two-handed weapons with a shield.


Message History

The puff of flame misses you.
The shadow imp shouts, "Quit, thou bumbling two-tin-hat wastrel!"
You hit the bat. You freeze the bat.
You kill the bat!
The bat's corpse disappears in a puff of smoke!
You are starting to lose your buoyancy.
The bat hits you but does no damage.
You barely miss the bat. The bat misses you.
You hit the bat. You freeze the bat.
You kill the bat!
The bat's corpse disappears in a puff of smoke!
You hit the river rat but do no damage.
The river rat is heavily wounded.
The river rat bites you.
Blork the orc gestures wildly while chanting.
Blork the orc seems to speed up.
You hit the river rat but do no damage.
The river rat is heavily wounded.
The river rat bites you.
Casting: Frozen Ramparts (quite dangerous; 21% risk of failure)
Confirm with . or Enter, or press ? or * to list all spells.
You don't know that spell.
Okay, then.
You aren't carrying any potions.
You aren't carrying any items that you can evoke.
Unknown command.
You closely miss the river rat.
The river rat is heavily wounded.
Blork the orc casts a spell at you. The puff of flame hits you. You resist.
* * * LOW HITPOINT WARNING * * *
The river rat bites you.
* * * LOW HITPOINT WARNING * * *
Eustachio mumbles some strange words.
Eustachio blinks!
You barely miss the river rat.
The river rat is heavily wounded.
Blork the orc looks satisfied for a moment.
The river rat bites you!
You die...

+. ...+ #.#.. ...#
#.#... .5.#
#.#...♣♣♣♣♣♣♣...#
#.#.....{..{{@..#
#.#.......{.....#
#o#........5.{..#
#.#######'#######
#.@rr55........###
############.....##
##.##... #.#####
#.# # #?# ### #.#
#.. #.# #.. #.# #..


You could see Blork the orc (fast), 2 river rats, a shadow imp (summoned) and an
ufetubus (summoned).

Vanquished Creatures
  2 adders
  A worm (D:4)
  2 dart slugs
  An orc (D:3)
  3 bats
  5 endoplasms
  4 giant cockroaches
  7 goblins
  3 hobgoblins
  8 kobolds
  5 quokkas
  2 ball pythons (D:4)
  3 frilled lizards (D:2)
  7 rats
53 creatures vanquished.

Notes
Turn   | Place    | Note
-------+----------+-------------------------------------------
     0 | D:1      | freelancePsychic the Formicid Necromancer began the quest
                  | for the Orb.
     0 | D:1      | Reached XP level 1. HP: 13/13 MP: 3/3
   246 | D:1      | Reached XP level 2. HP: 17/19 MP: 1/5
   829 | D:1      | Found a faded altar of an unknown god.
   869 | D:1      | Reached XP level 3. HP: 17/24 MP: 2/7
  1202 | D:1      | Learned a level 3 spell: Vampiric Draining
  1434 | D:2      | Learned a level 3 spell: Frozen Ramparts
  2084 | D:2      | Reached skill level 1 in Ice Magic
  2645 | D:3      | Reached XP level 4. HP: 29/30 MP: 6/8
  3004 | D:3      | Found Vischaeh's Magic Scroll Emporium.
  3049 | D:3      | Bought a scroll of identify for 22 gold pieces
  3051 | D:3      | Bought a scroll of identify for 22 gold pieces
  3946 | D:4      | Noticed a black bear
  3996 | D:4      | Noticed a steam dragon
  3997 | D:4      | Noticed a scorpion
  4008 | D:4      | Noticed Eustachio
  4045 | D:4      | Noticed Blork the orc
  4056 | D:4      | HP: 1/30 [river rat[Eustachio] (6)]
  4057 | D:4      | Mangled by a river rat

Illustrated notes

Levels and vault maps discovered:
D:1:      minmay_arrival_diagonal_passages, layout_loops_ring,
          hellmonk_ecumenical_altar_crossroads, hangedman_feature_mirror
D:2:      layout_loops_corners, kennysheep_flooded_box, amcnicky_mini_pool_small
D:3:      layout_rooms, serial_shops, nicolae_shop_hallway_plus
D:4:      layout_rooms, demons_altar, kennysheep_path_1, lightli_minifort,
          uniq_edmund, uniq_blork_the_orc, uniq_eustachio

Skill      XL: |  1  2  3  4 |
---------------+-------------+-----
Spellcasting   | 3 |  3.0
Ice Magic      | 1 2 |  2.5
Dodging        | |  1.7
Stealth        | |  2.4
Necromancy     | |  4.5

Action                   |  1- 3 |  4- 6 || total
-------------------------+-------+-------++-------
Melee: Dagger            |    20 |    27 ||    47
 Cast: Pain              |    64 |    36 ||   100
       Frozen Ramparts   |       |     2 ||     2
  Use: Scroll            |       |     6 ||     6
       Potion            |       |     5 ||     5
 Stab: Sleeping          |     1 |       ||     1
Armor: Robe              |     7 |    19 ||    26
Dodge: Dodged            |    19 |    42 ||    61
